 Dungeon Crawl Stone Soup version 0.28.0-49-g6dfe1f597d (webtiles) character file.

Game seed: 5961759050506582235

14 Zeld the Shield-Bearer (level 2, -3/24 HPs)
             Began as a Formicid Fighter on May 18, 2022.
             Succumbed to a goblin's poison
             ... on level 2 of the Dungeon.
             The game lasted 00:01:26 (1099 turns).

Zeld the Shield-Bearer (Formicid Fighter)           Turns: 1099, Time: 00:01:27

Health: -3/24      AC:  8    Str: 20    XL:     2   Next: 60%
Magic:  2/2        EV:  9    Int:  7    God:
Gold:   55         SH:  4    Dex: 10    Spells: 1/1 levels left

rFire   . . .      SeeInvis +   a - +0 war axe
rCold   . . .      Faith    .   c - +0 buckler
rNeg    . . .      Spirit   .   b - +0 scale mail
rPois   .          Reflect  .   (helmet unavailable)
rElec   .          Harm     .   (no cloak)
rCorr   .          Rampage  .   (no gloves)
Will    .....                   l - +0 pair of boots
Stlth   ..........              (no amulet)
HPRegen 0.08/turn               (no ring)
MPRegen 0.08/turn               (no ring)

@: lethally poisoned (-3 -> -22)
A: permanent stasis, dig shafts and tunnels, antennae 3, four strong arms
a: Dig, Shaft Self


You were on level 2 of the Dungeon.
You visited 1 branch of the dungeon, and saw 2 of its levels.

You collected 55 gold pieces.

Inventory:

Hand Weapons
 a - a +0 war axe (weapon)
Armour
 b - a +0 scale mail (worn)
 c - a +0 buckler (worn)
 l - a +0 pair of boots (worn)
Scrolls
 e - 3 scrolls of fear {unknown}
 f - a scroll of immolation {unknown}
 g - 2 scrolls of enchant armour {unknown}
 j - 3 scrolls of identify {unknown}
 k - a scroll of noise {unknown}
Potions
 d - a potion of might
 h - a potion of lignification {unknown}
 i - a potion of brilliance {unknown}


   Skills:
 * Level 3.5 Fighting
 * Level 2.3 Axes
 + Level 3.4 Armour
 + Level 0.7 Stealth
 + Level 3.7 Shields


You had one spell level left.
You didn't know any spells.
Your spell library was empty.

Dungeon Overview and Level Annotations

Branches:
Dungeon (2/15)

Altars:


Innate Abilities, Weirdness & Mutations

You cannot be hasted, slowed, berserked, paralysed or teleported.
You can dig through walls and to a lower floor.
You have a pair of large antennae on your head. (SInv)
Your four strong arms can wield two-handed weapons with a shield.


Message History

The goblin is moderately wounded.
You feel very sick. You block the goblin's attack.
The goblin completely misses you.
A goblin is nearby!
You hit the goblin but do no damage.
The goblin is moderately wounded.
You feel sick. The goblin hits you but does no damage.
You are more poisoned.
A goblin is nearby!
You barely miss the goblin.
The goblin is moderately wounded.
You feel very sick. The goblin misses you. You block the goblin's attack.
A goblin is nearby!
You are too injured to fight recklessly!
You are too injured to fight recklessly!
You barely miss the goblin.
The goblin is moderately wounded.
You feel sick. The goblin closely misses you.
Unknown command.
You barely miss the goblin.
The goblin is moderately wounded.
You feel sick. You block the goblin's attack.
Unknown command.
You hit the goblin.
The goblin is heavily wounded.
You feel sick. The goblin barely misses you.
The goblin hits you but does no damage.
You are lethally poisoned!
Unknown command.
You hit the goblin but do no damage.
The goblin is heavily wounded.
* * * LOW HITPOINT WARNING * * *
You feel very sick. The goblin hits you but does no damage.
You are more poisoned.
Unknown command.
You hit the goblin.
You kill the goblin!
You die...

#......................
#.####>................
#..............####
#.###########..# #
{..........#
#######...# .. #...#
#####.#...# ......)@..#
#######...# ....#
#....# #....# .....#
#.#... #. #.##


There were no monsters in sight!

Vanquished Creatures
  2 ball pythons (D:1)
  A goblin (D:2)
  2 hobgoblins (D:1)
  4 jackals (D:1)
  2 bats (D:1)
  2 kobolds (D:1)
  A rat (D:1)
14 creatures vanquished.

Notes
Turn   | Place    | Note
-------+----------+-------------------------------------------
     0 | D:1      | Zeld the Formicid Fighter began the quest for the Orb.
     0 | D:1      | Reached XP level 1. HP: 18/18 MP: 1/1
   179 | D:1      | Reached XP level 2. HP: 6/24 MP: 2/2
   181 | D:1      | HP: 1/24 [jackal (3)]
   595 | D:1      | Found a faded altar of an unknown god.
  1099 | D:2      | Succumbed to a goblin's poison

Illustrated notes

Levels and vault maps discovered:
D:1:      dpeg_arrival_rooms_b, layout_basic,
          shapermc_ecumenical_altar_hornbeckon
D:2:      layout_basic, amcnicky_mini_corridor_feature, uniq_jessica

Action                   || total
-------------------------++-------
Melee: War axe           ||    59
Armor: Scale mail        ||    28
Dodge: Dodged            ||    29
Block: Buckler           ||    21
